 Dungeon Crawl Stone Soup version 0.31.0-9-g3a7656b989 (webtiles) character file.

Game seed: 10111471137012872570

200 hikkokomori the Sneak (level 5, -2/31 HPs)
             Began as a Gargoyle Alchemist on Jan 24, 2024.
             Slain by an orc
             ... wielding a +0 mace
              (3 damage)
             ... on level 4 of the Dungeon.
             The game lasted 00:04:07 (2875 turns).

hikkokomori the Sneak (Gargoyle Alchemist)          Turns: 2875, Time: 00:04:08

Health: -2/31      AC:  7    Str: 12    XL:     5   Next: 79%
Magic:  9/9        EV:  8    Int: 17    God:
Gold:   80         SH:  0    Dex: 10    Spells: 3/9 levels left

rFire   . . .        q - +3 hand axe "Jeekle" {drain, Fly rC- rCorr SInv}
rCold   x . .        (no shield)
rNeg    + + .        a - +0 robe
rPois   ∞            (no helmet)
rElec   +            (no cloak)
rCorr   +            i - +0 pair of gloves
SInv    +            (no boots)
Will    .....        n - amulet of magic regeneration
Stlth   ++           r - ring of positive energy
HPRegen 0.25/turn    (no ring)
MPRegen 0.51/turn

%: no passive effects
@: flying, constricted
A: sickness immunity, AC +4, negative energy resistance 1, electricity
resistance, torment resistance 1, petrification resistance
a: no special abilities


You were on level 4 of the Dungeon.
You visited 1 branch of the dungeon, and saw 4 of its levels.

You collected 80 gold pieces.

Inventory:

Hand Weapons
 c - a +0 club
 d - a +2 dagger of venom
 f - a +0 dagger of holy wrath
 q - the +3 hand axe "Jeekle" (weapon) {drain, Fly rC- rCorr SInv}
   (You found it on level 3 of the Dungeon)

   rC-:       It makes you vulnerable to cold.
   SInv:      It lets you see invisible.
   Fly:       It grants you flight.
   rCorr:     It protects you from acid and corrosion.
Armour
 a - a +0 robe (worn)
 i - a +0 pair of gloves (worn)
Magical Staves
 t - a staff of alchemy
Jewellery
 n - an amulet of magic regeneration (around neck)
 r - a ring of positive energy (left hand)
Scrolls
 e - a scroll of enchant weapon {unknown}
 h - a scroll of silence {unknown}
 k - a scroll of noise {unknown}
 l - a scroll of fog {unknown}
 m - a scroll of amnesia {unknown}
 o - 2 scrolls of identify {unknown}
Potions
 b - a potion of magic
 g - 2 potions of degeneration {unknown}
 j - a potion of attraction {unknown}
 p - a potion of ambrosia {unknown}
 s - a potion of heal wounds {unknown}


   Skills:
 + Level 2.3 Fighting
 - Level 1.5 Dodging
 + Level 3.6 Stealth
 + Level 2.9 Spellcasting
 + Level 2.7 Conjurations
 + Level 3.1 Alchemy


You had 3 spell levels left.
You knew the following spells:

 Your Spells              Type           Power      Damage    Failure   Level
a - Sting                 Conj/Alch      48%        1d6       5%          1
b - Mercury Vapours       Alch/Air       14%        N/A       14%         2
c - Mephitic Cloud        Conj/Alch/Air  9%         N/A       24%         3

Your spell library contained the following spells:

 Spells                   Type           Power      Damage    Failure   Level
 Apportation              Tloc           4%         N/A       19%         1
 Necrotise                Necr           8%         1d4       19%         1
 Summon Small Mammal      Summ           8%         N/A       19%         1
 Olgreb's Toxic Radiance  Alch           13%        N/A       43%         4
 Sticky Flame             Fire/Alch      7%         2d4       67%         4


Dungeon Overview and Level Annotations

Branches:
Dungeon (3/15)

Altars:
Gozag
Ru


Innate Abilities, Weirdness & Mutations

You are immune to sickness and miasma.
Your stone body is resilient. (AC +4)
You are immune to poison.
You resist negative energy. (rN+)
You are resistant to electric shocks. (rElec)
You are resistant to unholy torment.
You are immune to petrification.


Message History

You are too injured to fight recklessly!
Unknown command.
Unknown command.
Unknown command.
You can't go up here!
Unknown command.
Unknown command.
You closely miss the orc wizard.
The orc wizard is heavily wounded.
The orc completely misses you.
The orc wizard hits you but does no damage.
Unknown command.
Unknown command.
You closely miss the orc wizard.
The orc wizard is moderately wounded.
You hit the orc. The orc barely misses you. x2
The orc wizard barely misses you.
Unknown command.
Unknown command.
You closely miss the orc wizard.
The orc wizard is moderately wounded.
You barely miss the orc.
The orc hits you from afar with a +0 trident.
* * * LOW HITPOINT WARNING * * *
The orc barely misses you. The orc wizard closely misses you.
The ball python bites you but does no damage.
The ball python misses you.
Unknown command.
You hit the orc wizard. You drain the orc wizard.
The orc wizard is almost dead.
You completely miss the ball python. You hit the orc.
You kill the orc!
The orc hits you from afar with a +0 trident.
* * * LOW HITPOINT WARNING * * *
The orc wizard closely misses you. The ball python closely misses you.
The ball python grabs you. The ball python constricts you.
The orc hits you from afar with a +0 trident.
* * * LOW HITPOINT WARNING * * *
The orc hits you with a +0 mace.
You die...

####..# .....#
####[.# ##....#
##..##.####.###
#..###(....[...
#.## #).####.##
##.######.#
##)###..#
..........#
#@..>.#
##.########
#ooS.###
..o.#.#
.....##.#
#....#. .#
#.#.### # . ..
..


You could see an orc wizard (invisible, very drained), 2 orcs and a ball python.

Vanquished Creatures
  An orc priest (D:4)
  Terence (D:2)
  An orc wizard (D:4)
  6 adders
  2 dart slugs
  A ribbon worm (D:3)
  4 orcs (D:4)
  3 ball pythons
  5 bats
  3 endoplasms
  3 giant cockroaches
  6 goblins
  4 hobgoblins
  3 quokkas
  3 frilled lizards
  5 kobolds
  9 rats
60 creatures vanquished.

Notes
Turn   | Place    | Note
-------+----------+-------------------------------------------
     0 | D:1      | hikkokomori the Gargoyle Alchemist began the quest for the
                  | Orb.
     0 | D:1      | Reached XP level 1. HP: 10/10 MP: 3/3
   253 | D:1      | Reached XP level 2. HP: 15/16 MP: 5/5
   611 | D:1      | Reached skill level 1 in Fighting
   787 | D:1      | Reached XP level 3. HP: 20/20 MP: 3/6
  1665 | D:2      | Noticed Terence
  1676 | D:2      | Killed Terence
  1677 | D:2      | Reached XP level 4. HP: 20/25 MP: 1/7
  2394 | D:2      | Found a faded altar of an unknown god.
  2584 | D:3      | Identified the +3 hand axe "Jeekle" {drain, Fly rC- rCorr
                  | SInv}
  2613 | D:3      | Reached XP level 5. HP: 30/30 MP: 9/9
  2656 | D:3      | Learned a level 2 spell: Mercury Vapours
  2660 | D:3      | Learned a level 3 spell: Mephitic Cloud
  2742 | D:3      | Found an opulent altar of Gozag.
  2742 | D:3      | Found a sacrificial altar of Ru.
  2845 | D:3      | You are sucked into a shaft and drop 1 floor!
  2875 | D:4      | HP: 1/31 [orc/+0 trident (6)]
  2875 | D:4      | Slain by an orc

Illustrated notes

Levels and vault maps discovered:
D:1:      lightli_arrival_isolated_outpost, layout_basic, serial_park_tiny_2,
          kennysheep_small_spiral, minivault_26, serial_park_tiny_2
D:2:      layout_basic, basic_ecumenical_altar, grunt_ministairs_10,
          uniq_terence
D:3:      layout_rooms, mainiacjoe_overflow_six_doors_small,
          lemuel_coloured_pillars_altar, mainiacjoe_overflow_tiny_flanked,
          jmf_multi_god_temple, dk_vineyard_2, minmay_starry_boxes
D:4:      wad_pebble_path, layout_rooms, lemuel_doored_altar

Skill      XL: |  1  2  3  4  5 |
---------------+----------------+-----
Fighting       | 1 2 |  2.3
Stealth        | 3 |  3.6
Conjurations   | 2 |  2.7
Alchemy        | 3 |  3.1
Dodging        | |  1.5
Spellcasting   | |  2.9

Action                     |  1- 3 |  4- 6 || total
---------------------------+-------+-------++-------
  Melee: Unarmed           |    10 |       ||    10
         Club              |    37 |       ||    37
         Dagger            |     7 |     1 ||     8
         Hand axe          |       |    69 ||    69
  Throw: Stone             |    13 |       ||    13
   Cast: Sting             |    50 |    29 ||    79
 Armour: Robe              |    47 |    66 ||   113
  Dodge: Dodged            |    43 |    48 ||    91
